Stars vs Jets

Created - Wednesday, February 25, 2015 at 00:34

Goals
1 2 3 T
Stars 0 0 1 1
Jets 3 0 1 4
Shots
1 2 3 T
Stars 20 8 13 41
Jets 13 10 8 31

1st period

1. Jets , John Tavares 31 (Dan Hamhuis, Sergei Bobrovsky) at 9:15
2. Jets , Alex Ovechkin 33 (Danny DeKeyser, Wayne Simmonds) at 19:21
3. Jets , Alex Ovechkin 34 (Ryan Getzlaf) at 19:35

Penalties :
Wayne Simmonds (Wpg) for Hooking (Minor) at 13:09

2nd period

No Goal

Penalties :
Erik Johnson (Wpg) for Hooking (Minor) at 12:33, Marcus Kruger (Wpg) for Unsportsmanlike conduct (Major / Game Misconduct) at 14:44

3rd period

4. Stars , Joe Corvo 13 (Cory Conacher, Erik Haula) at 10:29 (PP)
5. Jets , Dan Hamhuis 11 (Alex Ovechkin, Frans Nielsen) at 18:57 (PP)

Penalties :
Antoine Roussel (Wpg) for Roughing (Minor) at 9:49, Joe Corvo (Dal) for Hooking (Minor) at 13:06, Alex Ovechkin (Wpg) for Hooking (Minor) at 13:39, Brian Boyle (Dal) for High sticking (Minor) at 18:37

Goalie Stats

Robin Lehner (Dal), 27 saves from 31 shots - (0.871), L, 6-21-3, 60:00 minutes
Sergei Bobrovsky (Wpg), 40 saves from 41 shots - (0.976), W, 41-11-2, 60:00 minutes

Players Stats for Stars

Player Name              G  A  P  +/- PIM S  H  SB GA TA FO     MP     PP MP  PK MP  
------------------------------------------------------------------------------------
Aaron Johnson            0  0  0  -2  0   0  0  0  0  2  0/0    27:11   4:55   0:20 
Brett Ritchie            0  0  0   0  0   0  0  0  0  0  1/1     7:48   1:08   0:20 
Brian Boyle              0  0  0  -2  2   4  2  1  0  0  10/22  19:22   4:30   0:33 
Bruno Gervais            0  0  0  -3  0   1  1  1  0  2  0/0    22:24   4:26   0:00 
Cory Conacher            0  1  1   0  0   4  0  0  5  0  0/0    19:33   3:59   0:00 
Daniel Cleary            0  0  0  -2  0   6  3  1  3  1  0/0    17:27   4:30   0:00 
Daniel Paille            0  0  0   0  0   1  2  0  0  1  0/1    19:53   3:59   0:20 
Dmitry Orlov             0  0  0  -1  0   0  1  1  0  0  0/0    12:34   0:46   0:53 
Erik Haula               0  1  1   0  0   2  4  1  0  1  6/14   19:33   3:59   0:00 
Jakub Kindl              0  0  0   0  0   1  0  1  0  1  0/0     6:12   0:55   0:00 
Jamie Oleksiak           0  0  0   0  0   0  0  1  0  1  0/0     8:18   1:07   0:00 
Joe Corvo                1  0  1   0  2   6  0  5  1  0  0/0    21:46   4:36   0:00 
John Moore               0  0  0   0  0   8  0  2  1  3  0/0    22:11   4:08   0:33 
Michael Ryder            0  0  0  -2  0   1  0  0  0  2  3/12   23:07   4:08   0:33 
Miikka Salomaki          0  0  0   0  0   2  1  0  1  0  0/0     5:13   0:00   0:00 
Patrick Eaves            0  0  0  -1  0   1  1  1  2  1  0/1    15:30   1:41   0:00 
Rob Klinkhammer          0  0  0  -1  0   2  1  0  0  0  1/3    15:52   2:03   0:00 
Zach Sill                0  0  0  -1  0   2  2  0  0  0  1/7    13:40   0:00   0:00 

Players Stats for Jets

Player Name              G  A  P  +/- PIM S  H  SB GA TA FO     MP     PP MP  PK MP  
------------------------------------------------------------------------------------
Alex Killorn             0  0  0   1  0   1  1  0  3  0  1/5    16:19   0:00   2:37 
Alex Ovechkin            2  1  3   2  2   3  1  0  5  0  1/2    20:13   0:52   5:41 
Antoine Roussel          0  0  0   1  2   1  3  0  0  0  0/0    13:05   0:00   0:40 
Colin Wilson             0  0  0   0  0   0  0  0  0  0  2/2     6:04   0:00   0:00 
Dan Hamhuis              1  1  2   2  0   6  2  3  0  0  0/0    27:26   0:53   6:29 
Danny DeKeyser           0  1  1   1  0   2  2  0  0  0  0/0    13:11   0:00   0:00 
Erik Johnson             0  0  0   0  2   3  1  2  0  1  0/0    18:46   0:00   3:04 
Frans Nielsen            0  1  1   0  0   1  0  2  6  0  9/14   19:32   0:20   2:35 
John Tavares             1  0  1   1  0   4  1  0  2  0  6/9    16:26   0:00   0:33 
Kyle Turris              0  0  0   0  0   0  0  0  0  0  2/2     9:42   0:00   0:00 
Marcus Kruger            0  0  0   0  15  0  0  0  1  0  0/0     9:32   0:00   0:00 
Max Pacioretty           0  0  0   0  0   1  2  0  4  0  0/0    19:36   0:20   2:39 
Nick Bjugstad            0  0  0   0  0   0  0  0  0  0  0/0     0:00   0:00   0:00 
Oliver Ekman-Larsson     0  0  0   2  0   2  0  1  0  6  0/0    27:26   0:53   6:29 
Ryan Getzlaf             0  1  1   2  0   6  0  1  5  0  17/26  24:18   0:33   5:35 
Ryan Murray              0  0  0   1  0   0  0  1  1  0  0/0    13:48   0:00   0:37 
Tyler Myers              0  0  0   0  0   0  0  3  0  0  0/0    19:22   0:00   3:41 
Wayne Simmonds           0  1  1   2  2   1  1  0  0  0  1/1    13:28   0:33   0:00 

3 Stars

1 - Alex Ovechkin (Wpg)
2 - Dan Hamhuis (Wpg)
3 - Sergei Bobrovsky (Wpg)

Power Play

Stars - 1 on 5 Attempt(s) - 20.00%
Jets - 1 on 2 Attempt(s) - 50.00%

Penalty Kill

Stars - 1 on 2 Attempt(s) - 50.00% - Score 0 goal in Penalty Kill
Jets - 4 on 5 Attempt(s) - 80.00% - Score 0 goal in Penalty Kill

Team Stat

Stars - Hits : 18 - Faceoff Wins : 22 - Blocked Shots : 15 - Penalty Minutes : 4
Jets - Hits : 14 - Faceoff Wins : 39 - Blocked Shots : 13 - Penalty Minutes : 23

Official

Referees : Unknown
Linesman : Unknown

Game Notes

Jakub Kindl is injured at 17:26 of 1st period (Herniated Disc)
Marcus Kruger ejected from game at 14:44 of 2nd period
Marcus Kruger from Jets is suspended for 1 game(s)

Finance

Level 1 -- Attendance: 6000 (100.00%) -- Ticket Income $510,000
Level 2 -- Attendance: 4092 (81.84%) -- Ticket Income $225,060
Level 3 -- Attendance: 1743 (87.15%) -- Ticket Income $52,290
Level 4 -- Attendance: 2689 (67.23%) -- Ticket Income $53,780
Luxury Box -- Attendance: 881 (88.10%) -- Ticket Income $140,960
Game was played at the MTS Center'
Total Attendance: 15405 (85.58%)
Total Ticket Income: $982,090
Other Income: $481,224
Total Income: $1,463,314

Stars

5 vs 5 Forward 
   Center                   Left Wing                Right Wing               Time % Phy DF OF 
 1 Brian Boyle              Michael Ryder            Daniel Cleary            35     3   1  1  
 2 Erik Haula               Daniel Paille            Cory Conacher            30     3   1  1  
 3 Zach Sill                Rob Klinkhammer          Patrick Eaves            22     3   1  1  
 4 Michael Ryder            Miikka Salomaki          Brett Ritchie            13     3   1  1  

5 vs 5 Defense 
   Defense                  Defense                                           Time % Phy DF OF 
 1 Aaron Johnson            Jakub Kindl                                       35     3   1  1  
 2 Joe Corvo                John Moore                                        30     3   1  1  
 3 Bruno Gervais            Dmitry Orlov                                      22     3   1  1  
 4 Jamie Oleksiak           Aaron Johnson                                     13     3   1  1  

PowerPlay Forward 
   Center                   Left Wing                Right Wing               Time % Phy DF OF 
 1 Brian Boyle              Michael Ryder            Daniel Cleary            60     1   2  2  
 2 Erik Haula               Daniel Paille            Cory Conacher            40     1   2  2  

PowerPlay Defense
   Defense                  Defense                                           Time % Phy DF OF 
 1 Aaron Johnson            Jakub Kindl                                       60     1   2  2  
 2 Joe Corvo                John Moore                                        40     1   2  2  

Penalty Kill 4 Players Forward 
   Center                   Wing                     Time % Phy DF OF 
 1 Michael Ryder            Brian Boyle              60     1   2  2  
 2 Daniel Cleary            Daniel Paille            40     1   2  2  

Penalty Kill 4 Players Defense
   Defense                  Defense                  Time % Phy DF OF 
 1 Aaron Johnson            Jakub Kindl              60     1   2  2  
 2 Joe Corvo                John Moore               40     1   2  2  

Penalty Kill - 3 Players Forward 
   Forward                                           Time % Phy DF OF 
 1 Michael Ryder                                     60     1   2  2  
 2 Brian Boyle                                       40     1   2  2  

Penalty Kill - 3 Players Defense
   Defense                  Defense                  Time % Phy DF OF 
 1 Aaron Johnson            Jakub Kindl              60     1   2  2  
 2 Joe Corvo                John Moore               40     1   2  2  

4 vs 4 Forward 
   Center                   Wing                     Time % Phy DF OF 
 1 Michael Ryder            Brian Boyle              60     1   2  2  
 2 Daniel Cleary            Daniel Paille            40     1   2  2  

4 vs 4 Defense
   Defense                  Defense                  Time % Phy DF OF 
 1 Aaron Johnson            Jakub Kindl              60     1   2  2  
 2 Joe Corvo                John Moore               40     1   2  2  

Last Minutes Offensive
   Center                   Left Wing                Right Wing               Defense                  Defense                  
   Brian Boyle              Michael Ryder            Daniel Cleary            Aaron Johnson            Jakub Kindl              

Last Minutes Defensive
   Center                   Left Wing                Right Wing               Defense                  Defense                  
   Brian Boyle              Michael Ryder            Daniel Cleary            Aaron Johnson            Jakub Kindl              

Goaltenders
Starting : Robin Lehner             
Backup : Joacim Eriksson          

Extra Forwards
Normal : Rob Klinkhammer, Patrick Eaves, Brett Ritchie - PP : Rob Klinkhammer, Patrick Eaves - PK : Brett Ritchie
Extra Defensemen
Normal : Bruno Gervais, Dmitry Orlov, Jamie Oleksiak - PP : Bruno Gervais - PK : Dmitry Orlov, Jamie Oleksiak
Penalty Shots
Michael Ryder, Brian Boyle, Daniel Cleary, Daniel Paille, Cory Conacher

Jets

5 vs 5 Forward 
   Center                   Left Wing                Right Wing               Time % Phy DF OF 
 1 Ryan Getzlaf             Alex Ovechkin            Wayne Simmonds           35     1   2  2  
 2 Frans Nielsen            Max Pacioretty           Marcus Kruger            30     1   2  2  
 3 John Tavares             Alex Killorn             Antoine Roussel          22     1   2  2  
 4 Kyle Turris              Colin Wilson             Ryan Getzlaf             13     1   2  2  

5 vs 5 Defense 
   Defense                  Defense                                           Time % Phy DF OF 
 1 Dan Hamhuis              Oliver Ekman-Larsson                              35     1   2  2  
 2 Erik Johnson             Tyler Myers                                       30     1   2  2  
 3 Danny DeKeyser           Ryan Murray                                       22     1   2  2  
 4 Dan Hamhuis              Oliver Ekman-Larsson                              13     1   2  2  

PowerPlay Forward 
   Center                   Left Wing                Right Wing               Time % Phy DF OF 
 1 Ryan Getzlaf             Alex Ovechkin            Wayne Simmonds           60     1   2  2  
 2 Frans Nielsen            Max Pacioretty           Marcus Kruger            40     1   2  2  

PowerPlay Defense
   Defense                  Defense                                           Time % Phy DF OF 
 1 Dan Hamhuis              Oliver Ekman-Larsson                              60     1   2  2  
 2 Erik Johnson             Tyler Myers                                       40     1   2  2  

Penalty Kill 4 Players Forward 
   Center                   Wing                     Time % Phy DF OF 
 1 Ryan Getzlaf             Alex Ovechkin            60     1   2  2  
 2 Frans Nielsen            Max Pacioretty           40     1   2  2  

Penalty Kill 4 Players Defense
   Defense                  Defense                  Time % Phy DF OF 
 1 Dan Hamhuis              Oliver Ekman-Larsson     60     1   2  2  
 2 Erik Johnson             Tyler Myers              40     1   2  2  

Penalty Kill - 3 Players Forward 
   Forward                                           Time % Phy DF OF 
 1 Ryan Getzlaf                                      60     1   2  2  
 2 Alex Ovechkin                                     40     1   2  2  

Penalty Kill - 3 Players Defense
   Defense                  Defense                  Time % Phy DF OF 
 1 Dan Hamhuis              Oliver Ekman-Larsson     60     1   2  2  
 2 Erik Johnson             Tyler Myers              40     1   2  2  

4 vs 4 Forward 
   Center                   Wing                     Time % Phy DF OF 
 1 Ryan Getzlaf             Alex Ovechkin            60     1   2  2  
 2 Frans Nielsen            Max Pacioretty           40     1   2  2  

4 vs 4 Defense
   Defense                  Defense                  Time % Phy DF OF 
 1 Dan Hamhuis              Oliver Ekman-Larsson     60     1   2  2  
 2 Erik Johnson             Tyler Myers              40     1   2  2  

Last Minutes Offensive
   Center                   Left Wing                Right Wing               Defense                  Defense                  
   Ryan Getzlaf             Alex Ovechkin            Wayne Simmonds           Dan Hamhuis              Oliver Ekman-Larsson     

Last Minutes Defensive
   Center                   Left Wing                Right Wing               Defense                  Defense                  
   Ryan Getzlaf             Alex Ovechkin            Wayne Simmonds           Dan Hamhuis              Oliver Ekman-Larsson     

Goaltenders
Starting : Sergei Bobrovsky         
Backup : Justin Peters            

Extra Forwards
Normal : John Tavares, Kyle Turris, Alex Killorn - PP : John Tavares, Kyle Turris - PK : Alex Killorn
Extra Defensemen
Normal : Danny DeKeyser, Ryan Murray, Erik Johnson - PP : Danny DeKeyser - PK : Ryan Murray, Erik Johnson
Penalty Shots
Ryan Getzlaf, Alex Ovechkin, Frans Nielsen, Max Pacioretty, John Tavares

% Time on Ice - Stars

Lines # - Real PCT - Wanted PCT - Time Play
Normal Forward
1 - 27% - 35% - 13:04
2 - 33% - 30% - 15:34
3 - 29% - 22% - 13:40
4 - 11% - 13% - 5:13
Normal Defense
1 - 38% - 35% - 18:05
2 - 36% - 30% - 17:05
3 - 18% - 22% - 8:43
4 - 8% - 13% - 3:38
PP Forward
1 - 61% - 60% - 6:11
2 - 39% - 40% - 3:59
PP Defense
1 - 59% - 60% - 6:02
2 - 41% - 40% - 4:08
PK Forward
1 - 100% - 60% - 0:53
2 - 0% - 40% - 0:00
PK Defense
1 - 38% - 60% - 0:20
2 - 62% - 40% - 0:33
PK3 Forward
1 - 0% - 60%
2 - 0% - 40%
PK3 Defense
1 - 0% - 60%
2 - 0% - 40%
44 Forward
1 - 100% - 60% - 1:26
2 - 0% - 40% - 0:00
44 Defense
1 - 71% - 60% - 1:01
2 - 29% - 40% - 0:25
Last Minute Offensive  - 0:00
Last Minute Defensive  - 0:00
Total
Forward - 60:00
Defense - 60:00

% Time on Ice - Jets

Lines # - Real PCT - Wanted PCT - Time Play
Normal Forward
1 - 26% - 35% - 12:23
2 - 35% - 30% - 16:38
3 - 26% - 22% - 12:26
4 - 13% - 13% - 6:04
Normal Defense
1 - 34% - 35% - 15:56
2 - 33% - 30% - 15:41
3 - 28% - 22% - 13:11
4 - 6% - 13% - 2:43
PP Forward
1 - 62% - 60% - 0:33
2 - 38% - 40% - 0:20
PP Defense
1 - 100% - 60% - 0:53
2 - 0% - 40% - 0:00
PK Forward
1 - 75% - 60% - 7:35
2 - 25% - 40% - 2:35
PK Defense
1 - 64% - 60% - 6:29
2 - 36% - 40% - 3:41
PK3 Forward
1 - 0% - 60%
2 - 0% - 40%
PK3 Defense
1 - 0% - 60%
2 - 0% - 40%
44 Forward
1 - 100% - 60% - 1:26
2 - 0% - 40% - 0:00
44 Defense
1 - 100% - 60% - 1:26
2 - 0% - 40% - 0:00
Last Minute Offensive  - 0:00
Last Minute Defensive  - 0:00
Total
Forward - 60:00
Defense - 60:00

Play by Play

1st period


0:01 of 1st period - Ryan Getzlaf wins face-off versus Brian Boyle in neutral zone.
0:04 of 1st period - Aaron Johnson is hit by Alex Ovechkin and loses puck.
0:23 of 1st period - Backhand shot by Jakub Kindl.
0:23 of 1st period - Stopped by Sergei Bobrovsky without a rebound.
0:24 of 1st period - Erik Haula wins face-off versus Frans Nielsen in Jets zone.
0:33 of 1st period - Slapshot by Cory Conacher.
0:33 of 1st period - Stopped by Sergei Bobrovsky without a rebound.
0:34 of 1st period - Frans Nielsen wins face-off versus Erik Haula in Jets zone.
1:27 of 1st period - Snap shot by Rob Klinkhammer.
1:27 of 1st period - Shot Misses the Net.
1:29 of 1st period - Wrist shot by Rob Klinkhammer.
1:29 of 1st period - Shot Misses the Net.
1:31 of 1st period - Slapshot by Bruno Gervais.
1:31 of 1st period - Stopped by Sergei Bobrovsky with a rebound.
1:33 of 1st period - Slapshot by Bruno Gervais.
1:33 of 1st period - Shot Blocked by Erik Johnson.
1:35 of 1st period - Backhand shot by Zach Sill.
1:35 of 1st period - Stopped by Sergei Bobrovsky without a rebound.
1:36 of 1st period - Kyle Turris wins face-off versus Zach Sill in Jets zone.
2:29 of 1st period - Ryan Murray is hit by Bruno Gervais and loses puck.
2:38 of 1st period - Slapshot by Jakub Kindl.
2:38 of 1st period - Shot Misses the Net.
2:44 of 1st period - Daniel Cleary is hit by John Tavares and loses puck.
2:57 of 1st period - Antoine Roussel is hit by Brian Boyle.
3:13 of 1st period - Snap shot by Daniel Paille.
3:13 of 1st period - Shot Misses the Net.
3:25 of 1st period - Wrist shot by Erik Haula.
3:25 of 1st period - Stopped by Sergei Bobrovsky without a rebound.
3:26 of 1st period - Ryan Getzlaf wins face-off versus Michael Ryder in Jets zone.
3:33 of 1st period - Off-side.
3:34 of 1st period - Ryan Getzlaf wins face-off versus Michael Ryder in neutral zone.
3:49 of 1st period - Wrist shot by Joe Corvo.
3:49 of 1st period - Shot Blocked by Ryan Getzlaf.
3:51 of 1st period - Wrist shot by Miikka Salomaki.
3:51 of 1st period - Shot Misses the Net.
3:55 of 1st period - Snap shot by Miikka Salomaki.
3:55 of 1st period - Stopped by Sergei Bobrovsky with a rebound.
3:57 of 1st period - Slapshot by Joe Corvo.
3:57 of 1st period - Shot Misses the Net.
3:59 of 1st period - Snap shot by John Moore.
3:59 of 1st period - Deflect By Tyler Myers.
3:59 of 1st period - Stopped by Sergei Bobrovsky without a rebound.
4:00 of 1st period - Frans Nielsen wins face-off versus Zach Sill in Jets zone.
4:53 of 1st period - Erik Haula is hit by Antoine Roussel and loses puck.
5:00 of 1st period - Alex Killorn is hit by Daniel Paille and loses puck.
5:16 of 1st period - Icing by Dan Hamhuis.
5:17 of 1st period - Brian Boyle wins face-off versus John Tavares in Jets zone.
5:30 of 1st period - Brian Boyle is hit by Alex Killorn and loses puck.
7:18 of 1st period - Slapshot by Joe Corvo.
7:18 of 1st period - Shot Blocked by Frans Nielsen.
7:40 of 1st period - Wrist shot by Ryan Getzlaf.
7:40 of 1st period - Stopped by Robin Lehner with a rebound.
7:42 of 1st period - Slapshot by Ryan Getzlaf.
7:42 of 1st period - Stopped by Robin Lehner with a rebound.
7:44 of 1st period - Snap shot by Kyle Turris.
7:44 of 1st period - Shot Misses the Net.
8:06 of 1st period - Tyler Myers is hit by Erik Haula and loses puck.
8:15 of 1st period - Slapshot by John Tavares.
8:15 of 1st period - Shot Blocked by Erik Haula.
8:17 of 1st period - Wrist shot by Antoine Roussel.
8:17 of 1st period - Shot Misses the Net.
8:35 of 1st period - Snap shot by Alex Ovechkin.
8:35 of 1st period - Shot Misses the Net.
8:59 of 1st period - Snap shot by Frans Nielsen.
8:59 of 1st period - Shot Misses the Net.
9:15 of 1st period - Wrist shot by John Tavares.
9:15 of 1st period - Goal by John Tavares - Stars : 0 - Jets : 1.
9:16 of 1st period - Zach Sill wins face-off versus Ryan Getzlaf in neutral zone.
9:29 of 1st period - Icing by Rob Klinkhammer.
9:30 of 1st period - Ryan Getzlaf wins face-off versus Zach Sill in Stars zone.
10:12 of 1st period - Snap shot by Alex Killorn.
10:12 of 1st period - Shot Misses the Net.
10:14 of 1st period - Snap shot by Erik Johnson.
10:14 of 1st period - Stopped by Robin Lehner without a rebound.
10:15 of 1st period - Frans Nielsen wins face-off versus Brian Boyle in Stars zone.
10:20 of 1st period - Snap shot by Frans Nielsen.
10:20 of 1st period - Stopped by Robin Lehner with a rebound.
10:22 of 1st period - Slapshot by Erik Johnson.
10:22 of 1st period - Deflect By Jakub Kindl.
10:22 of 1st period - Stopped by Robin Lehner with a rebound.
10:24 of 1st period - Snap shot by Max Pacioretty.
10:24 of 1st period - Shot Misses the Net.
10:26 of 1st period - Slapshot by Erik Johnson.
10:26 of 1st period - Deflect By Max Pacioretty.
10:26 of 1st period - Shot Misses the Net.
10:26 of 1st period - Puck is out of play.
10:27 of 1st period - Brian Boyle wins face-off versus Frans Nielsen in Stars zone.
10:27 of 1st period - Brian Boyle is hit by Max Pacioretty.
12:08 of 1st period - Snap shot by Rob Klinkhammer.
12:08 of 1st period - Shot Misses the Net.
12:10 of 1st period - Wrist shot by Patrick Eaves.
12:10 of 1st period - Shot Blocked by Dan Hamhuis.
12:18 of 1st period - Wrist shot by Joe Corvo.
12:18 of 1st period - Shot Misses the Net.
12:20 of 1st period - Slapshot by Joe Corvo.
12:20 of 1st period - Deflect By Ryan Getzlaf.
12:20 of 1st period - Stopped by Sergei Bobrovsky with a rebound.
12:22 of 1st period - Snap shot by Patrick Eaves.
12:22 of 1st period - Deflect By Rob Klinkhammer.
12:22 of 1st period - Shot Misses the Net.
12:22 of 1st period - Puck is out of play.
12:23 of 1st period - Michael Ryder wins face-off versus Frans Nielsen in Jets zone.
12:30 of 1st period - Slapshot by John Moore.
12:30 of 1st period - Shot Blocked by Frans Nielsen.
12:32 of 1st period - Slapshot by Joe Corvo.
12:32 of 1st period - Deflect By Danny DeKeyser.
12:32 of 1st period - Stopped by Sergei Bobrovsky without a rebound.
12:33 of 1st period - Frans Nielsen wins face-off versus Michael Ryder in Jets zone.
12:41 of 1st period - Wrist shot by John Moore.
12:41 of 1st period - Stopped by Sergei Bobrovsky with a rebound.
12:43 of 1st period - Snap shot by Joe Corvo.
12:43 of 1st period - Shot Misses the Net.
12:45 of 1st period - Wrist shot by Joe Corvo.
12:45 of 1st period - Deflect By Miikka Salomaki.
12:45 of 1st period - Stopped by Sergei Bobrovsky without a rebound.
12:46 of 1st period - John Tavares wins face-off versus Brian Boyle in Jets zone.
12:51 of 1st period - Snap shot by Daniel Cleary.
12:51 of 1st period - Stopped by Sergei Bobrovsky with a rebound.
12:53 of 1st period - Slapshot by Aaron Johnson.
12:53 of 1st period - Deflect By Daniel Cleary.
12:53 of 1st period - Stopped by Sergei Bobrovsky without a rebound.
12:54 of 1st period - John Tavares wins face-off versus Brian Boyle in Jets zone.
13:06 of 1st period - Snap shot by Daniel Cleary.
13:06 of 1st period - Stopped by Sergei Bobrovsky without a rebound.
13:07 of 1st period - Ryan Getzlaf wins face-off versus Erik Haula in Jets zone.
13:09 of 1st period - Minor Penalty to Wayne Simmonds for Hooking.
13:10 of 1st period - Brian Boyle wins face-off versus Ryan Getzlaf in Jets zone.
13:28 of 1st period - Snap shot by Daniel Cleary.
13:28 of 1st period - Shot Blocked by Dan Hamhuis.
13:56 of 1st period - Snap shot by Erik Haula.
13:56 of 1st period - Shot Misses the Net.
13:58 of 1st period - Snap shot by Daniel Paille.
13:58 of 1st period - Shot Misses the Net.
14:00 of 1st period - Snap shot by Daniel Paille.
14:00 of 1st period - Shot Blocked by Oliver Ekman-Larsson.
14:12 of 1st period - Slapshot by John Moore.
14:12 of 1st period - Stopped by Sergei Bobrovsky with a rebound.
14:14 of 1st period - Snap shot by Joe Corvo.
14:14 of 1st period - Stopped by Sergei Bobrovsky without a rebound.
14:15 of 1st period - Ryan Getzlaf wins face-off versus Brian Boyle in Jets zone.
15:09 of 1st period - Penalty to Wayne Simmonds is over, Wayne Simmonds is back on ice.
15:10 of 1st period - Brian Boyle is hit by Max Pacioretty and loses puck.
15:53 of 1st period - Wrist shot by Rob Klinkhammer.
15:53 of 1st period - Stopped by Sergei Bobrovsky with a rebound.
15:55 of 1st period - Slapshot by Patrick Eaves.
15:55 of 1st period - Deflect By Zach Sill.
15:55 of 1st period - Stopped by Sergei Bobrovsky without a rebound.
15:56 of 1st period - Erik Haula wins face-off versus John Tavares in Jets zone.
16:01 of 1st period - Slapshot by Erik Haula.
16:01 of 1st period - Stopped by Sergei Bobrovsky with a rebound.
16:07 of 1st period - Wrist shot by Cory Conacher.
16:07 of 1st period - Shot Misses the Net.
16:22 of 1st period - Icing by Cory Conacher.
16:23 of 1st period - Erik Haula wins face-off versus Ryan Getzlaf in Stars zone.
16:34 of 1st period - Wrist shot by Ryan Getzlaf.
16:34 of 1st period - Stopped by Robin Lehner with a rebound.
16:36 of 1st period - Snap shot by Danny DeKeyser.
16:36 of 1st period - Deflect By Jakub Kindl.
16:36 of 1st period - Stopped by Robin Lehner without a rebound.
16:37 of 1st period - Ryan Getzlaf wins face-off versus Zach Sill in Stars zone.
16:42 of 1st period - Wrist shot by Ryan Getzlaf.
16:42 of 1st period - Stopped by Robin Lehner without a rebound.
16:43 of 1st period - Kyle Turris wins face-off versus Zach Sill in Stars zone.
17:02 of 1st period - Wrist shot by Colin Wilson.
17:02 of 1st period - Shot Hit the Post.
17:04 of 1st period - Snap shot by Kyle Turris.
17:04 of 1st period - Deflect By Ryan Getzlaf.
17:04 of 1st period - Shot Blocked by Joe Corvo.
17:04 of 1st period - Puck is out of play.
17:05 of 1st period - Frans Nielsen wins face-off versus Brian Boyle in Stars zone.
17:16 of 1st period - Oliver Ekman-Larsson is hit by Daniel Cleary and loses puck.
17:26 of 1st period - Slapshot by Dan Hamhuis.
17:26 of 1st period - Shot Blocked by Jakub Kindl.
17:26 of 1st period - Jakub Kindl from Stars is injured at 17:26 of 1st period (Herniated Disc).
17:27 of 1st period - Brian Boyle wins face-off versus Alex Ovechkin in Stars zone.
17:48 of 1st period - Brian Boyle is hit by Dan Hamhuis and loses puck.
17:56 of 1st period - Off-side.
17:57 of 1st period - Frans Nielsen wins face-off versus Erik Haula in neutral zone.
18:55 of 1st period - Slapshot by John Tavares.
18:55 of 1st period - Stopped by Robin Lehner with a rebound.
18:57 of 1st period - Snap shot by Dan Hamhuis.
18:57 of 1st period - Shot Blocked by John Moore.
18:59 of 1st period - Slapshot by Oliver Ekman-Larsson.
18:59 of 1st period - Shot Misses the Net.
19:01 of 1st period - Backhand shot by Dan Hamhuis.
19:01 of 1st period - Shot Misses the Net.
19:07 of 1st period - Snap shot by John Tavares.
19:07 of 1st period - Deflect By Alex Killorn.
19:07 of 1st period - Shot Blocked by John Moore.
19:07 of 1st period - Puck is out of play.
19:08 of 1st period - Wayne Simmonds wins face-off versus Brian Boyle in Stars zone.
19:13 of 1st period - Snap shot by Alex Ovechkin.
19:13 of 1st period - Shot Misses the Net.
19:15 of 1st period - Slapshot by Danny DeKeyser.
19:15 of 1st period - Deflect By Daniel Cleary.
19:15 of 1st period - Stopped by Robin Lehner with a rebound.
19:21 of 1st period - Wrist shot by Alex Ovechkin.
19:21 of 1st period - Goal by Alex Ovechkin - Stars : 0 - Jets : 2.
19:22 of 1st period - Ryan Getzlaf wins face-off versus Brian Boyle in neutral zone.
19:35 of 1st period - Wrist shot by Alex Ovechkin.
19:35 of 1st period - Goal by Alex Ovechkin - Stars : 0 - Jets : 3.
19:36 of 1st period - Brian Boyle wins face-off versus Ryan Getzlaf in neutral zone.
19:41 of 1st period - Slapshot by Daniel Cleary.
19:41 of 1st period - Stopped by Sergei Bobrovsky with a rebound.
Goals for this period are 0 for Stars vs 3 for Jets.
Shots for this period are 20 for Stars vs 13 for Jets.

2nd period


0:01 of 2nd period - Ryan Getzlaf wins face-off versus Brian Boyle in neutral zone.
0:36 of 2nd period - Oliver Ekman-Larsson is hit by Daniel Cleary and loses puck.
0:53 of 2nd period - Max Pacioretty is hit by Daniel Paille and loses puck.
1:20 of 2nd period - Max Pacioretty is hit by Erik Haula and loses puck.
2:04 of 2nd period - Wrist shot by Rob Klinkhammer.
2:04 of 2nd period - Shot Misses the Net.
2:06 of 2nd period - Wrist shot by Rob Klinkhammer.
2:06 of 2nd period - Deflect By Patrick Eaves.
2:06 of 2nd period - Stopped by Sergei Bobrovsky without a rebound.
2:07 of 2nd period - Colin Wilson wins face-off versus Michael Ryder in Jets zone.
2:18 of 2nd period - Wrist shot by Kyle Turris.
2:18 of 2nd period - Shot Misses the Net.
2:20 of 2nd period - Snap shot by Kyle Turris.
2:20 of 2nd period - Shot Misses the Net.
2:22 of 2nd period - Slapshot by Tyler Myers.
2:22 of 2nd period - Shot Blocked by Jamie Oleksiak.
2:24 of 2nd period - Snap shot by Ryan Getzlaf.
2:24 of 2nd period - Stopped by Robin Lehner with a rebound.
2:26 of 2nd period - Backhand shot by Kyle Turris.
2:26 of 2nd period - Deflect By Ryan Getzlaf.
2:26 of 2nd period - Stopped by Robin Lehner with a rebound.
2:28 of 2nd period - Slapshot by Erik Johnson.
2:28 of 2nd period - Stopped by Robin Lehner without a rebound.
2:29 of 2nd period - Ryan Getzlaf wins face-off versus Brian Boyle in Stars zone.
3:24 of 2nd period - Icing by Erik Haula.
3:25 of 2nd period - Erik Haula wins face-off versus John Tavares in Stars zone.
4:30 of 2nd period - Marcus Kruger is hit by Patrick Eaves and loses puck.
5:10 of 2nd period - Aaron Johnson is hit by Danny DeKeyser and loses puck.
5:20 of 2nd period - Off-side.
5:21 of 2nd period - John Tavares wins face-off versus Erik Haula in neutral zone.
5:24 of 2nd period - Slapshot by Oliver Ekman-Larsson.
5:24 of 2nd period - Shot Blocked by Joe Corvo.
5:26 of 2nd period - Wrist shot by Dan Hamhuis.
5:26 of 2nd period - Stopped by Robin Lehner with a rebound.
5:28 of 2nd period - Slapshot by Oliver Ekman-Larsson.
5:28 of 2nd period - Deflect By John Tavares.
5:28 of 2nd period - Shot Misses the Net.
5:28 of 2nd period - Puck is out of play.
5:29 of 2nd period - John Tavares wins face-off versus Daniel Paille in Stars zone.
5:38 of 2nd period - Snap shot by John Tavares.
5:38 of 2nd period - Stopped by Robin Lehner with a rebound.
5:40 of 2nd period - Slapshot by Oliver Ekman-Larsson.
5:40 of 2nd period - Shot Misses the Net.
5:42 of 2nd period - Snap shot by Oliver Ekman-Larsson.
5:42 of 2nd period - Stopped by Robin Lehner with a rebound.
5:44 of 2nd period - Slapshot by Dan Hamhuis.
5:44 of 2nd period - Stopped by Robin Lehner without a rebound.
5:45 of 2nd period - Michael Ryder wins face-off versus Frans Nielsen in Stars zone.
6:04 of 2nd period - Snap shot by Max Pacioretty.
6:04 of 2nd period - Stopped by Robin Lehner with a rebound.
6:06 of 2nd period - Wrist shot by Dan Hamhuis.
6:06 of 2nd period - Stopped by Robin Lehner without a rebound.
6:07 of 2nd period - Ryan Getzlaf wins face-off versus Zach Sill in Stars zone.
6:14 of 2nd period - Wrist shot by Alex Ovechkin.
6:14 of 2nd period - Shot Blocked by Joe Corvo.
6:40 of 2nd period - Wrist shot by Alex Ovechkin.
6:40 of 2nd period - Shot Blocked by Patrick Eaves.
8:06 of 2nd period - Daniel Cleary is hit by Antoine Roussel and loses puck.
8:19 of 2nd period - Wrist shot by Michael Ryder.
8:19 of 2nd period - Stopped by Sergei Bobrovsky with a rebound.
8:21 of 2nd period - Slapshot by Aaron Johnson.
8:21 of 2nd period - Shot Blocked by Dan Hamhuis.
8:23 of 2nd period - Wrist shot by Brian Boyle.
8:23 of 2nd period - Stopped by Sergei Bobrovsky with a rebound.
10:04 of 2nd period - Wrist shot by Rob Klinkhammer.
10:04 of 2nd period - Shot Misses the Net.
10:32 of 2nd period - Slapshot by John Moore.
10:32 of 2nd period - Shot Misses the Net.
10:53 of 2nd period - Wrist shot by John Tavares.
10:53 of 2nd period - Shot Misses the Net.
11:23 of 2nd period - Slapshot by Oliver Ekman-Larsson.
11:23 of 2nd period - Stopped by Robin Lehner with a rebound.
11:39 of 2nd period - Slapshot by John Moore.
11:39 of 2nd period - Stopped by Sergei Bobrovsky without a rebound.
11:40 of 2nd period - Brian Boyle wins face-off versus Ryan Getzlaf in Jets zone.
12:33 of 2nd period - Minor Penalty to Erik Johnson for Hooking.
12:34 of 2nd period - Alex Ovechkin wins face-off versus Michael Ryder in Jets zone.
13:37 of 2nd period - Wrist shot by Daniel Cleary.
13:37 of 2nd period - Stopped by Sergei Bobrovsky without a rebound.
13:38 of 2nd period - Rob Klinkhammer wins face-off versus Alex Killorn in Jets zone.
14:33 of 2nd period - Penalty to Erik Johnson is over, Erik Johnson is back on ice.
14:44 of 2nd period - Major / Game Misconduct Penalty to Marcus Kruger for Unsportsmanlike conduct.
14:44 of 2nd period - Marcus Kruger is ejected from game.
14:45 of 2nd period - Erik Haula wins face-off versus Ryan Getzlaf in Jets zone.
14:52 of 2nd period - Snap shot by Cory Conacher.
14:52 of 2nd period - Shot Blocked by Tyler Myers.
14:54 of 2nd period - Slapshot by Joe Corvo.
14:54 of 2nd period - Shot Blocked by Tyler Myers.
14:56 of 2nd period - Wrist shot by John Moore.
14:56 of 2nd period - Stopped by Sergei Bobrovsky without a rebound.
14:57 of 2nd period - Ryan Getzlaf wins face-off versus Erik Haula in Jets zone.
15:58 of 2nd period - Erik Johnson is hit by Daniel Cleary and loses puck.
16:05 of 2nd period - Slapshot by Michael Ryder.
16:05 of 2nd period - Shot Blocked by Tyler Myers.
16:07 of 2nd period - Backhand shot by Bruno Gervais.
16:07 of 2nd period - Deflect By Brian Boyle.
16:07 of 2nd period - Shot Blocked by Erik Johnson.
16:07 of 2nd period - Puck is out of play.
16:08 of 2nd period - Brian Boyle wins face-off versus Alex Killorn in Jets zone.
16:11 of 2nd period - Snap shot by Brian Boyle.
16:11 of 2nd period - Stopped by Sergei Bobrovsky with a rebound.
17:44 of 2nd period - Snap shot by Patrick Eaves.
17:44 of 2nd period - Deflect By Rob Klinkhammer.
17:44 of 2nd period - Stopped by Sergei Bobrovsky with a rebound.
17:46 of 2nd period - Slapshot by Aaron Johnson.
17:46 of 2nd period - Shot Misses the Net.
18:11 of 2nd period - Joe Corvo is hit by Dan Hamhuis and loses puck.
18:56 of 2nd period - Aaron Johnson is hit by Antoine Roussel and loses puck.
19:00 of 2nd period - Icing by Rob Klinkhammer.
19:01 of 2nd period - Ryan Getzlaf wins face-off versus Rob Klinkhammer in Stars zone.
19:44 of 2nd period - Penalty to Marcus Kruger is over, Alex Killorn is send on ice.
19:52 of 2nd period - Tyler Myers is hit by Dmitry Orlov and loses puck.
Goals for this period are 0 for Stars vs 0 for Jets.
Shots for this period are 8 for Stars vs 10 for Jets.

3rd period


0:01 of 3rd period - Brian Boyle wins face-off versus Ryan Getzlaf in neutral zone.
0:55 of 3rd period - Snap shot by John Moore.
0:55 of 3rd period - Stopped by Sergei Bobrovsky with a rebound.
0:57 of 3rd period - Wrist shot by Daniel Paille.
0:57 of 3rd period - Stopped by Sergei Bobrovsky with a rebound.
0:59 of 3rd period - Snap shot by Joe Corvo.
0:59 of 3rd period - Stopped by Sergei Bobrovsky without a rebound.
1:00 of 3rd period - Frans Nielsen wins face-off versus Erik Haula in Jets zone.
1:58 of 3rd period - Erik Johnson is hit by Zach Sill and loses puck.
2:29 of 3rd period - Slapshot by John Tavares.
2:29 of 3rd period - Stopped by Robin Lehner without a rebound.
2:30 of 3rd period - Alex Killorn wins face-off versus Brian Boyle in Stars zone.
4:02 of 3rd period - Dan Hamhuis is hit by Miikka Salomaki and loses puck.
4:49 of 3rd period - Dmitry Orlov is hit by Wayne Simmonds.
5:03 of 3rd period - Daniel Paille is hit by Erik Johnson and loses puck.
5:37 of 3rd period - Dan Hamhuis is hit by Brian Boyle and loses puck.
6:06 of 3rd period - Danny DeKeyser is hit by Zach Sill and loses puck.
6:37 of 3rd period - Danny DeKeyser is hit by Erik Haula and loses puck.
8:20 of 3rd period - Miikka Salomaki is hit by Danny DeKeyser and loses puck.
8:53 of 3rd period - Snap shot by Cory Conacher.
8:53 of 3rd period - Stopped by Sergei Bobrovsky without a rebound.
8:54 of 3rd period - Frans Nielsen wins face-off versus Erik Haula in Jets zone.
9:09 of 3rd period - Wrist shot by Frans Nielsen.
9:09 of 3rd period - Shot Blocked by Joe Corvo.
9:11 of 3rd period - Snap shot by Oliver Ekman-Larsson.
9:11 of 3rd period - Shot Misses the Net.
9:13 of 3rd period - Wrist shot by Frans Nielsen.
9:13 of 3rd period - Shot Blocked by Joe Corvo.
9:49 of 3rd period - Minor Penalty to Antoine Roussel for Roughing.
9:50 of 3rd period - Brian Boyle wins face-off versus Ryan Getzlaf in Jets zone.
10:25 of 3rd period - Snap shot by Cory Conacher.
10:25 of 3rd period - Stopped by Sergei Bobrovsky without a rebound.
10:26 of 3rd period - Erik Haula wins face-off versus Alex Killorn in Jets zone.
10:29 of 3rd period - Snap shot by Joe Corvo.
10:29 of 3rd period - Goal by Joe Corvo - Stars : 1 - Jets : 3.
10:30 of 3rd period - John Tavares wins face-off versus Rob Klinkhammer in neutral zone.
10:45 of 3rd period - Snap shot by John Tavares.
10:45 of 3rd period - Shot Misses the Net.
10:47 of 3rd period - Wrist shot by Alex Killorn.
10:47 of 3rd period - Stopped by Robin Lehner with a rebound.
10:49 of 3rd period - Slapshot by Oliver Ekman-Larsson.
10:49 of 3rd period - Shot Blocked by Dmitry Orlov.
10:53 of 3rd period - Snap shot by Antoine Roussel.
10:53 of 3rd period - Stopped by Robin Lehner with a rebound.
10:55 of 3rd period - Slapshot by Dan Hamhuis.
10:55 of 3rd period - Shot Misses the Net.
10:59 of 3rd period - Wrist shot by Alex Killorn.
10:59 of 3rd period - Deflect By John Tavares.
10:59 of 3rd period - Shot Blocked by Bruno Gervais.
10:59 of 3rd period - Puck is out of play.
11:00 of 3rd period - Frans Nielsen wins face-off versus Brian Boyle in Stars zone.
11:03 of 3rd period - Slapshot by Frans Nielsen.
11:03 of 3rd period - Shot Blocked by Daniel Cleary.
11:13 of 3rd period - Slapshot by John Moore.
11:13 of 3rd period - Stopped by Sergei Bobrovsky with a rebound.
11:15 of 3rd period - Slapshot by John Moore.
11:15 of 3rd period - Stopped by Sergei Bobrovsky with a rebound.
11:39 of 3rd period - Snap shot by Daniel Paille.
11:39 of 3rd period - Shot Misses the Net.
11:41 of 3rd period - Slapshot by Joe Corvo.
11:41 of 3rd period - Deflect By Cory Conacher.
11:41 of 3rd period - Shot Misses the Net.
11:41 of 3rd period - Puck is out of play.
11:42 of 3rd period - Colin Wilson wins face-off versus Erik Haula in Jets zone.
12:07 of 3rd period - Slapshot by Cory Conacher.
12:07 of 3rd period - Deflect By Oliver Ekman-Larsson.
12:07 of 3rd period - Stopped by Sergei Bobrovsky with a rebound.
12:09 of 3rd period - Snap shot by Aaron Johnson.
12:09 of 3rd period - Shot Misses the Net.
13:06 of 3rd period - Minor Penalty to Joe Corvo for Hooking.
13:07 of 3rd period - Ryan Getzlaf wins face-off versus Michael Ryder in Stars zone.
13:11 of 3rd period - Slapshot by Oliver Ekman-Larsson.
13:11 of 3rd period - Deflect By Wayne Simmonds.
13:11 of 3rd period - Stopped by Robin Lehner without a rebound.
13:12 of 3rd period - Ryan Getzlaf wins face-off versus Michael Ryder in Stars zone.
13:24 of 3rd period - Slapshot by Dan Hamhuis.
13:24 of 3rd period - Stopped by Robin Lehner with a rebound.
13:26 of 3rd period - Slapshot by Dan Hamhuis.
13:26 of 3rd period - Stopped by Robin Lehner without a rebound.
13:27 of 3rd period - Ryan Getzlaf wins face-off versus Michael Ryder in Stars zone.
13:39 of 3rd period - Minor Penalty to Alex Ovechkin for Hooking.
13:40 of 3rd period - Michael Ryder wins face-off versus Ryan Getzlaf in Jets zone.
13:53 of 3rd period - Wrist shot by Michael Ryder.
13:53 of 3rd period - Deflect By Brian Boyle.
13:53 of 3rd period - Stopped by Sergei Bobrovsky without a rebound.
13:54 of 3rd period - Ryan Getzlaf wins face-off versus Michael Ryder in Jets zone.
13:59 of 3rd period - Slapshot by John Tavares.
13:59 of 3rd period - Shot Blocked by Brian Boyle.
14:33 of 3rd period - Wrist shot by Brian Boyle.
14:33 of 3rd period - Shot Misses the Net.
14:35 of 3rd period - Slapshot by Aaron Johnson.
14:35 of 3rd period - Shot Misses the Net.
14:37 of 3rd period - Slapshot by Aaron Johnson.
14:37 of 3rd period - Shot Misses the Net.
15:06 of 3rd period - Penalty to Joe Corvo is over, Joe Corvo is back on ice.
15:09 of 3rd period - Oliver Ekman-Larsson is hit by Rob Klinkhammer and loses puck.
15:39 of 3rd period - Penalty to Alex Ovechkin is over, Alex Ovechkin is back on ice.
16:15 of 3rd period - Kyle Turris is hit by Erik Haula and loses puck.
17:43 of 3rd period - Snap shot by Brett Ritchie.
17:43 of 3rd period - Shot Blocked by Ryan Murray.
17:49 of 3rd period - Slapshot by Joe Corvo.
17:49 of 3rd period - Stopped by Sergei Bobrovsky with a rebound.
17:51 of 3rd period - Slapshot by Miikka Salomaki.
17:51 of 3rd period - Shot Misses the Net.
18:01 of 3rd period - Slapshot by Brian Boyle.
18:01 of 3rd period - Stopped by Sergei Bobrovsky with a rebound.
18:03 of 3rd period - Slapshot by Dmitry Orlov.
18:03 of 3rd period - Shot Misses the Net.
18:11 of 3rd period - Slapshot by Daniel Cleary.
18:11 of 3rd period - Stopped by Sergei Bobrovsky without a rebound.
18:12 of 3rd period - Brian Boyle wins face-off versus Alex Killorn in Jets zone.
18:37 of 3rd period - Minor Penalty to Brian Boyle for High sticking.
18:38 of 3rd period - Brett Ritchie wins face-off versus Frans Nielsen in Stars zone.
18:55 of 3rd period - Wrist shot by Alex Ovechkin.
18:55 of 3rd period - Stopped by Robin Lehner with a rebound.
18:57 of 3rd period - Slapshot by Dan Hamhuis.
18:57 of 3rd period - Deflect By Aaron Johnson.
18:57 of 3rd period - Goal by Dan Hamhuis - Stars : 1 - Jets : 4.
18:58 of 3rd period - John Tavares wins face-off versus Patrick Eaves in neutral zone.
Goals for this period are 1 for Stars vs 1 for Jets.
Shots for this period are 13 for Stars vs 8 for Jets.


Output by the SimonT Hockey Simulator (STHS) for Eric Dolegowski -- Original Page W3C XHTML 1.0 Valid
Hockey Simulator - Hockey Simulation - Hockey Manager